General information
- name: BNet
- type: Ladder team game (AT/RT)
- host: Battle.net
- saver: Liko
map: Deadlock
- players: 8
- length: 14:19
- speed: Fast
- version: 1.26 W3XP
- replay type: Public
» download(103 KB)
Players
team 1 (loser)

»
BigSlick-AK (
teal | 39 APM | 421 actions | 10:50)
3 Demon Hunter
1 Immolation
2 Mana Burn
» actions
| Assign group hotkey | 6 | |
| Basic commands | 52 | |
| Build / train | 27 | |
| Enter build submenu | 12 | |
| Enter hero's abilities submenu | 3 | |
| Right click | 85 | |
| Select / deselect | 67 | |
| Select group hotkey | 151 | |
| Use ability | 18 | |
421 total
» units
» buildings
| Altar of Elders | 1 | |
| Moon Well | 5 | |
| Ancient of War | 1 | |
| Tree of Ages | 1 | |
| Tree of Life | 1 | |
| Hunter's Hall | 1 | |
| Tree of Eternity | 1 | |
| Ancient of Lore | 2 | |
13 total
» build order
00:07 Altar of Elders
00:11 Moon Well
00:42 Ancient of War
01:27 Moon Well
01:42 Moon Well
04:12 Tree of Ages
04:31 Moon Well
05:34 Moon Well
06:14 Tree of Life
06:32 Hunter's Hall
08:39 Tree of Eternity
08:43 Ancient of Lore
08:47 Ancient of Lore
» items

»
WEDONTNEEDAA (
red | 77 APM | 879 actions | 11:22)
3 Mountain King
2 Storm Bolt
1 Bash
1 Paladin
1 Holy Light
» actions
| Assign group hotkey | 123 | |
| Basic commands | 42 | |
| Build / train | 53 | |
| ESC pressed | 3 | |
| Enter build submenu | 17 | |
| Enter hero's abilities submenu | 4 | |
| Right click | 262 | |
| Select / deselect | 146 | |
| Select group hotkey | 164 | |
| Use ability | 65 | |
879 total
» units
» upgrades
| Defend | 1 | |
| Masonry | 1 | |
| Swords | 1 | |
| Lumber Harvesting | 1 | |
| Armor | 1 | |
5 total
» buildings
| Altar of Kings | 1 | |
| Farm | 6 | |
| Barracks | 1 | |
| Town Hall | 1 | |
| Keep | 2 | |
| Lumber Mill | 1 | |
| Arcane Vault | 1 | |
| Blacksmith | 1 | |
| Castle | 2 | |
| Gryphon Aviary | 3 | |
19 total
» build order
00:16 Altar of Kings
00:18 Farm
00:41 Barracks
00:52 Farm
01:29 Farm
01:37 Farm
04:18 Town Hall
05:15 Keep
05:19 Lumber Mill
05:46 Arcane Vault
05:49 Blacksmith
05:54 Farm
05:55 Farm
07:38 Castle
08:03 Gryphon Aviary
08:06 Gryphon Aviary
08:10 Gryphon Aviary
» items
| Boots of Speed | 3 | |
| Potion of Healing | 2 | |
| Potion of Mana | 1 | |
6 total
massofwispss (
orange | 28 APM | 303 actions | 10:43)
2 Shadow Hunter
1 Hex
1 Healing Wave
» actions
| Build / train | 28 | |
| ESC pressed | 2 | |
| Enter build submenu | 12 | |
| Enter hero's abilities submenu | 2 | |
| Right click | 109 | |
| Select / deselect | 121 | |
| Use ability | 29 | |
303 total
» units
| Peon | 8 | |
| Troll Headhunter/Berserker | 11 | |
19 total
» upgrades
| Armor | 2 | |
| Ranged Weapons | 2 | |
| Shaman Training | 1 | |
5 total
» buildings
| Altar of Storms | 1 | |
| Orc Burrow | 4 | |
| War Mill | 1 | |
| Barracks | 1 | |
| Watch Tower | 1 | |
| Stronghold | 1 | |
| Voodoo Lounge | 1 | |
| Spirit Lodge | 2 | |
| Beastiary | 1 | |
13 total
» build order
00:07 Altar of Storms
00:22 Orc Burrow
01:05 War Mill
01:20 Barracks
02:21 Orc Burrow
03:16 Watch Tower
03:53 Orc Burrow
04:25 Stronghold
05:44 Voodoo Lounge
05:58 Orc Burrow
06:59 Spirit Lodge
07:02 Beastiary
08:08 Spirit Lodge
chico_nice (
purple | 25 APM | 361 actions | 14:18)
2 Blademaster
1 Wind Walk
1 Critical Strike
» actions
| Basic commands | 14 | |
| Build / train | 32 | |
| ESC pressed | 1 | |
| Enter build submenu | 11 | |
| Enter hero's abilities submenu | 2 | |
| Give item / drop item | 2 | |
| Remove unit from queue | 2 | |
| Right click | 187 | |
| Select / deselect | 95 | |
| Use ability | 15 | |
361 total
» units
» upgrades
» buildings
| Altar of Storms | 1 | |
| Orc Burrow | 3 | |
| Voodoo Lounge | 1 | |
| Stronghold | 4 | |
| War Mill | 1 | |
| Watch Tower | 2 | |
| Beastiary | 2 | |
| Fortress | 2 | |
16 total
» build order
00:11 Altar of Storms
00:13 Orc Burrow
01:46 Voodoo Lounge
02:32 Stronghold
02:32 Stronghold
02:32 Stronghold
02:36 Orc Burrow
02:40 War Mill
03:20 Orc Burrow
04:10 Watch Tower
04:17 Watch Tower
05:09 Beastiary
05:12 Beastiary
06:08 Fortress
06:08 Fortress
» items
| Circlet of Nobility | 1 | |
| Periapt of Vitality | 1 | |
2 total
team 2 (winner)
Liko (
blue | 73 APM | 1048 actions | 14:19)
2 Death Knight
1 Death Coil
1 Unholy Aura
2 Dark Ranger
1 Silence
1 Life Drain
2 Pit Lord
1 Howl of Terror
1 Cleaving Attack
» actions
| Assign group hotkey | 40 | |
| Basic commands | 86 | |
| Build / train | 53 | |
| ESC pressed | 3 | |
| Enter build submenu | 21 | |
| Enter hero's abilities submenu | 7 | |
| Give item / drop item | 5 | |
| Right click | 234 | |
| Select / deselect | 234 | |
| Select group hotkey | 312 | |
| Use ability | 53 | |
1048 total
» units
| Acolyte | 11 | |
| Ghoul | 3 | |
| Crypt Fiend | 6 | |
| Frost Wyrm | 3 | |
23 total
» buildings
| Graveyard | 1 | |
| Crypt | 1 | |
| Altar of Darkness | 1 | |
| Ziggurat | 6 | |
| Tomb of Relics | 1 | |
| Halls of the Dead | 3 | |
| Necropolis | 2 | |
| Black Citadel | 2 | |
| Nerubian Tower | 1 | |
| Sacrificial Pit | 1 | |
| Boneyard | 2 | |
21 total
» build order
00:10 Graveyard
00:15 Crypt
00:47 Altar of Darkness
01:00 Ziggurat
01:50 Tomb of Relics
02:05 Ziggurat
03:34 Halls of the Dead
03:35 Halls of the Dead
04:10 Necropolis
05:22 Ziggurat
06:05 Black Citadel
06:05 Black Citadel
06:32 Nerubian Tower
07:42 Sacrificial Pit
09:41 Boneyard
09:45 Boneyard
10:20 Ziggurat
13:23 Ziggurat
13:27 Necropolis
13:30 Ziggurat
» items
| Rod of Necromancy | 2 | |
| Sacrificial Skull | 5 | |
| Boots of Speed | 1 | |
| Potion of Lesser Invulnerability | 1 | |
| Orb of Corruption | 1 | |
10 total
Elohim (
pink | 174 APM | 2484 actions | 14:18)
5 Blademaster
2 Wind Walk
3 Critical Strike
3 Shadow Hunter
1 Hex
2 Healing Wave
1 Tauren Chieftain
1 War Stomp
» actions
| Assign group hotkey | 58 | |
| Basic commands | 148 | |
| Build / train | 82 | |
| ESC pressed | 3 | |
| Enter build submenu | 19 | |
| Enter hero's abilities submenu | 9 | |
| Give item / drop item | 4 | |
| Right click | 646 | |
| Select / deselect | 158 | |
| Select group hotkey | 1276 | |
| Use ability | 81 | |
2484 total
» units
| Peon | 17 | |
| Grunt | 3 | |
| Raider | 8 | |
| Spirit Walker | 6 | |
| Kodo Beast | 1 | |
| Troll Headhunter/Berserker | 2 | |
37 total
» upgrades
| Ensnare | 2 | |
| Spirit Walker Training | 1 | |
| Pillage | 1 | |
| Witch Doctor Training | 1 | |
| Armor | 2 | |
| Melee Weapons | 1 | |
| Shaman Training | 1 | |
| War Drums Damage Increase | 1 | |
| Berserker Upgrade | 1 | |
11 total
» buildings
| Altar of Storms | 1 | |
| Orc Burrow | 7 | |
| Voodoo Lounge | 1 | |
| Barracks | 1 | |
| Stronghold | 2 | |
| Great Hall | 1 | |
| Beastiary | 1 | |
| Spirit Lodge | 1 | |
| War Mill | 1 | |
| Fortress | 2 | |
| Tauren Totem | 1 | |
19 total
» build order
00:02 Altar of Storms
00:15 Orc Burrow
00:51 Voodoo Lounge
01:22 Barracks
01:39 Orc Burrow
02:53 Stronghold
02:54 Stronghold
04:10 Orc Burrow
05:14 Great Hall
05:38 Beastiary
05:48 Spirit Lodge
06:23 War Mill
06:40 Orc Burrow
09:09 Orc Burrow
10:10 Fortress
10:22 Orc Burrow
12:39 Orc Burrow
13:27 Tauren Totem
» items
| Healing Salve | 4 | |
| Scroll of Speed | 2 | |
| Circlet of Nobility | 3 | |
| Dust of Appearance | 1 | |
10 total

»
elfen-lieed (
yellow | 100 APM | 1437 actions | 14:18)
4 Demon Hunter
2 Immolation
2 Evasion
» actions
| Assign group hotkey | 36 | |
| Basic commands | 48 | |
| Build / train | 69 | |
| Enter build submenu | 25 | |
| Enter hero's abilities submenu | 4 | |
| Remove unit from queue | 3 | |
| Right click | 638 | |
| Select / deselect | 175 | |
| Select group hotkey | 398 | |
| Use ability | 41 | |
1437 total
» units
| Wisp | 14 | |
| Archer | 12 | |
| Druid of the Talon | 2 | |
| Druid of the Claw | 4 | |
| Hippogryph | 3 | |
35 total
» upgrades
| Improved Bows | 1 | |
| Abolish Magic | 0 | |
| Druid of the Claw Training | 2 | |
| Marksmanship | 1 | |
| Well Spring | 1 | |
| Mark of the Claw | 1 | |
| Reinforced Hides | 1 | |
7 total
» buildings
| Altar of Elders | 1 | |
| Moon Well | 6 | |
| Ancient of War | 2 | |
| Tree of Ages | 1 | |
| Hunter's Hall | 1 | |
| Ancient of Wonders | 1 | |
| Ancient of Lore | 4 | |
| Ancient of Wind | 1 | |
| Tree of Eternity | 2 | |
| Tree of Life | 1 | |
20 total
» build order
00:13 Altar of Elders
00:23 Moon Well
00:25 Moon Well
00:36 Ancient of War
00:40 Ancient of War
01:20 Moon Well
03:09 Tree of Ages
03:41 Moon Well
03:58 Hunter's Hall
04:25 Ancient of Wonders
04:55 Moon Well
05:42 Ancient of Lore
05:46 Ancient of Lore
05:49 Ancient of Lore
06:13 Ancient of Wind
06:53 Ancient of Lore
07:06 Tree of Eternity
07:06 Tree of Eternity
11:07 Moon Well
13:12 Tree of Life
atlien10 (
green | 40 APM | 567 actions | 14:18)
2 Paladin
1 Divine Shield
1 Holy Light
» actions
| Assign group hotkey | 12 | |
| Basic commands | 14 | |
| Build / train | 58 | |
| Enter build submenu | 22 | |
| Enter hero's abilities submenu | 2 | |
| Remove unit from queue | 1 | |
| Right click | 249 | |
| Select / deselect | 157 | |
| Select group hotkey | 22 | |
| Use ability | 30 | |
567 total
» units
| Peasant | 14 | |
| Footman | 14 | |
| Knight | 5 | |
| Siege Engine | 4 | |
37 total
» upgrades
| Swords | 1 | |
| Plating | 1 | |
| Lumber Harvesting | 2 | |
| Gunpowder | 1 | |
| Animal War Training | 1 | |
| Barrage | 1 | |
7 total
» buildings
| Barracks | 3 | |
| Farm | 9 | |
| Altar of Kings | 1 | |
| Lumber Mill | 1 | |
| Scout Tower | 8 | |
| Guard Tower | 8 | |
| Town Hall | 2 | |
| Blacksmith | 1 | |
| Keep | 1 | |
| Castle | 1 | |
| Workshop | 2 | |
37 total
» build order
00:22 Barracks
00:26 Barracks
00:38 Farm
00:39 Farm
00:56 Altar of Kings
01:18 Lumber Mill
01:44 Farm
02:09 Farm
02:22 Farm
02:56 Farm
03:30 Scout Tower
03:31 Scout Tower
04:22 Guard Tower
04:35 Guard Tower
05:04 Town Hall
05:34 Blacksmith
05:49 Keep
07:20 Scout Tower
07:21 Scout Tower
08:01 Scout Tower
08:03 Scout Tower
08:21 Town Hall
08:23 Guard Tower
08:25 Guard Tower
08:29 Castle
08:32 Guard Tower
09:06 Guard Tower
09:11 Workshop
10:01 Workshop
10:29 Barracks
11:33 Scout Tower
11:34 Scout Tower
12:23 Farm
12:25 Farm
13:44 Guard Tower
13:50 Guard Tower
13:57 Farm
Chat log
(00:22 / Allies) Liko: \rush map
(00:24 / Allies) Liko: need all 4
(00:28 / Allies) Liko: dual rax no tech
(00:29 / Allies) Liko: yes no
(00:34 / Allies) Liko: worked last game
(00:39 / Allies) Liko: on this map
(04:32 / Allies) atlien10: omw
(04:37 / All) WEDONTNEEDAA: lol
(04:38 / All) WEDONTNEEDAA: lol
(04:42 / All) WEDONTNEEDAA: blue you setting up camp trash?
(05:03 / All) WEDONTNEEDAA: Trash down
(05:04 / All) WEDONTNEEDAA: run
(05:10 / All) WEDONTNEEDAA: run stupid noob
(06:11 / All) WEDONTNEEDAA: GREEN WHAT ARE YOU DOING
(06:18 / Allies) Liko: kill this fag
(06:20 / Allies) Liko: force tp
(06:33 / Allies) atlien10: i though oj was with him
(06:54 / All) massofwispss: run!
(06:57 / All) WEDONTNEEDAA: LOL
(06:59 / All) WEDONTNEEDAA: RAPE
(07:35 / All) Elohim: wtf r u doing
(07:42 / All) WEDONTNEEDAA: LOL
(07:43 / Allies) atlien10: b
(07:44 / All) WEDONTNEEDAA: JUST WAIT
(07:59 / All) Elohim: r u erect?
(08:41 / All) massofwispss: gg...
(08:51 / All) elfen-lieed: lol
(08:53 / Allies) Liko: haha
(08:57 / Allies) Liko: skip
(08:58 / Allies) Liko: skip
(08:59 / All) WEDONTNEEDAA: a bm tech
(09:02 / All) WEDONTNEEDAA: ninja item trash
(09:15 / All) Elohim: cuz he knows u r common fours noob
(09:22 / All) WEDONTNEEDAA: 1v1?
(09:26 / All) massofwispss: my teammates are just killing each other. what has the world come to
(09:35 / All) massofwispss: warcraft is full of backstabbers
(10:34 / All) massofwispss: gg
(11:18 / All) WEDONTNEEDAA: PURP THANK GOD CANT WIN
(11:21 / All) WEDONTNEEDAA: HES BM TECH TRASH
(11:36 / All) Liko: trash down
(11:43 / All) chico_nice: yes
(12:05 / All) Elohim: gj purple
(12:09 / All) chico_nice: ty
(12:12 / All) Liko: everyone /w wedontneedaa trash down
(12:52 / All) Elohim: u gonna make us clear this out
(13:02 / All) Elohim: piece of shit
(14:05 / All) elfen-lieed: lovely game
(14:09 / All) Liko: ^
(14:11 / All) Liko: justice
(14:16 / All) Liko: is always satisfying